 Dungeon Crawl Stone Soup version 0.22-a0-40-g3d2f077 (webtiles) character file.

125 Lanoc the Firebug (level 4, -1/24 HPs)
             Began as a Deep Elf Fire Elementalist on Jan 4, 2018.
             Killed by nerve-wracking pain
             ... invoked by Grinder
              (13 damage)
             ... on level 3 of the Dungeon.
             The game lasted 00:09:07 (2476 turns).

Lanoc the Firebug (Deep Elf Fire Elementalist)      Turns: 2476, Time: 00:09:07

Health: -1/24      AC:  2    Str:  5    XL:     4   Next: 82%
Magic:  1/12       EV: 14    Int: 21    God:
Gold:   179        SH:  0    Dex: 15    Spells: 4/11 levels left

rFire    . . .     SeeInvis .   (no weapon)
rCold    . . .     Gourm    .   (no shield)
rNeg     . . .     Faith    .   a - +0 robe
rPois    .         Spirit   .   (no helmet)
rElec    .         Reflect  .   (no cloak)
rCorr    .         Harm     .   (no gloves)
MR       .....                  (no boots)
Stlth    ++........             (no amulet)
HPRegen  0.08/turn              (no ring)
MPRegen  0.13/turn              (no ring)

@: very slightly contaminated
A: no striking features
a: no special abilities


You were on level 3 of the Dungeon.
You were not hungry.

You visited 1 branch of the dungeon, and saw 3 of its levels.

You collected 179 gold pieces.

Inventory:

Armour
 a - a +0 robe (worn)
Scrolls
 d - a scroll of blinking {unknown}
 f - 4 scrolls of identify {unknown}
 g - a scroll of enchant armour {unknown}
 i - a scroll of amnesia {unknown}
 l - a scroll of remove curse {unknown}
 p - a scroll of immolation {unknown}
Potions
 e - a potion of invisibility {unknown}
 h - a potion of heal wounds {unknown}
 j - 2 potions of brilliance {unknown}
 m - 2 potions of haste
 n - 2 potions of flight {unknown}
 o - a potion of curing {unknown}
Books
 b - a book of Flames

   Spells                             Type                      Level
   a - Flame Tongue                   Conjuration/Fire             1
   b - Throw Flame                    Conjuration/Fire             2
   c - Conjure Flame                  Conjuration/Fire             3
   d - Inner Flame                    Hexes/Fire                   3
   e - Sticky Flame                   Conjuration/Fire             4
   f - Fireball                       Conjuration/Fire             5
 k - a book of Changes

   Spells                             Type                      Level
   a - Beastly Appendage              Transmutation                1
   b - Sticks to Snakes               Transmutation                2
   c - Spider Form                    Transmutation/Poison         3
   d - Ice Form                       Ice/Transmutation            4
   e - Blade Hands                    Transmutation                5
Comestibles
 c - 11 rations


   Skills:
 + Level 3.4 Dodging
 - Level 2.4 Stealth
 + Level 4.0 Spellcasting
 + Level 2.4 Conjurations
 * Level 4.6 Fire Magic


You had 4 spell levels left.
You knew the following spells:

 Your Spells              Type           Power        Failure   Level  Hunger
a - Flame Tongue          Conj/Fire      ###..        2%          1    None
b - Throw Flame           Conj/Fire      ###...       4%          2    #......
c - Sticky Flame          Conj/Fire      ###.....     26%         4    ####...


Dungeon Overview and Level Annotations

Branches:
Dungeon (3/15)

Altars:

Annotations:
D:3 Grinder


Message History

You miscast Sticky Flame.
Wisps of smoke drift from your hands.
Casting: Sticky Flame
Confirm with . or Enter, or press ? or * to list all spells.
Aiming: Sticky Flame
Press: ? - help, Shift-Dir - straight line, f/p - Grinder
Aim: Grinder (resting)
The sticky flame hits Grinder.
Grinder is lightly wounded.
Grinder shouts!
Grinder is covered in liquid flames!
Grinder burns!
Grinder hits you.
You writhe in agony.
Grinder burns!
Grinder burns!
Grinder burns!
Grinder burns!
Grinder burns!
Grinder gestures at you. Pain shoots through your body!
Ouch! That really hurt!
You die...

#####.###.....# #####.#
#.......#.....# #.#
#>.##.#.#.....# #.#
#..##.#.#.....# #####.#
#.....#.###.######.....#
#...#.#.#..........#####
#.......(5...####(.#
##.)....#.#.## #..#
##.#.###@### #..#
#.......# #..# ###.###.#
#.## #.....# #.#
#####.#######.#
#.........# ##...######
#...# #...#


You could see Grinder (burning).

Vanquished Creatures
  A howler monkey (D:2)
  An adder (D:2)
  An ooze (D:3)
  A worm (D:2)
  2 dart slugs
  A leopard gecko (D:2)
  5 orcs
  A giant cockroach (D:2)
  6 hobgoblins
  5 jackals (D:1)
  4 kobolds
  10 bats
  6 frilled lizards
  7 goblins (D:1)
  8 rats
59 creatures vanquished.

Notes
Turn   | Place    | Note
-------+----------+-------------------------------------------
     0 | D:1      | Lanoc the Deep Elf Fire Elementalist began the quest for the Orb.
     0 | D:1      | Reached XP level 1. HP: 10/10 MP: 6/6
   201 | D:1      | Reached XP level 2. HP: 10/15 MP: 0/8
   276 | D:1      | Learned a level 2 spell: Throw Flame
   624 | D:1      | Reached XP level 3. HP: 14/19 MP: 5/9
  1623 | D:2      | Reached XP level 4. HP: 24/24 MP: 7/11
  2282 | D:3      | Learned a level 4 spell: Sticky Flame
  2467 | D:3      | Noticed Grinder
  2476 | D:3      | Killed from afar by Grinder

Vault maps used:
D:1:      tarquinn_simple_flora_water_a, minmay_distorted
D:2:      dk_vineyard_2
D:3:      grunt_temple_overflow_order_and_chaos_1, uniq_grinder

Skill      XL: |  1  2  3  4 |
---------------+-------------+-----
Fire Magic     | 4 |  4.6
Dodging        | 3 |  3.4
Conjurations   | 2 |  2.4
Spellcasting   | 4 |  4.0
Stealth        | |  2.4

Action                   |  1- 3 |  4- 6 || total
-------------------------+-------+-------++-------
Melee: Unarmed           |     3 |       ||     3
 Cast: Flame Tongue      |    92 |    21 ||   113
       Throw Flame       |     5 |     3 ||     8
       Sticky Flame      |       |     1 ||     1
  Eat: Chunk             |     2 |     3 ||     5
Armor: Robe              |     6 |       ||     6
Dodge: Dodged            |    31 |     2 ||    33

Table legend:
 A = Spawn XP
 B = Non-spawn XP
 C = Spawn XP percentage of total XP
 D = Spawn monster count
 E = Non-spawn monster count
 F = Spawn count percentage of total count
 G = Total turns spent on level
                    A         B        C        D         E        F      G
               +---------+---------+-------+---------+---------+-------+---------
         Total |       0 |     179 |   0.0 |       0 |      59 |   0.0 |  2476
               +---------+---------+-------+---------+---------+-------+---------
           D:1 |       0 |      65 |   0.0 |       0 |      36 |   0.0 |  1431
           D:2 |       0 |     102 |   0.0 |       0 |      19 |   0.0 |   798
           D:3 |       0 |      12 |   0.0 |       0 |       4 |   0.0 |   247
               +---------+---------+-------+---------+---------+-------+---------
